TOP OF THE 1ST |
Hartford Yard Goats batting - Pitching for Kane County Cougars : RHP Travis Plesz
|
Pitching: RHP Travis Plesz
|
|
Batting: SHB Eddie Quinones
|
0-0: Ball 1-0: Ball 2-0: Foul Ball, location: 2F 2-1: Foul Ball, location: 2F 2-2: Foul Ball, location: 2F 2-2: Foul Ball, location: 2F 2-2: Foul Ball, location: 2F 2-2: Ball 3-2: Ground out 4-3 (Groundball, 4, EV 83.8 MPH)
|
Batting: SHB Bobby Santor
|
0-0: Ball 1-0: Ball 2-0: Ball 3-0: Called Strike 3-1: Foul Ball, location: 2F 3-2: Foul Ball, location: 2F 3-2: Foul Ball, location: 2F 3-2: Foul Ball, location: 2F 3-2: Strikes out swinging
|
Batting: SHB Pete Perla
|
0-0: Foul Ball, location: 2F 0-1: Ball 1-1: Ball 2-1: Called Strike 2-2: Ball 3-2: Foul Ball, location: 2F 3-2: Fly out, F4 (Popup, 4, EV 54.4 MPH)
|
Top of the 1st over - 0 runs, 0 hits, 0 errors, 0 left on base; Hartford 0 - Kane County 0 |
BOTTOM OF THE 1ST |
Kane County Cougars batting - Pitching for Hartford Yard Goats : LHP Steve Lima
|
Pitching: LHP Steve Lima
|
|
Batting: LHB Willie Gutierrez
|
0-0: Ball 1-0: Called Strike 1-1: Ball 2-1: DOUBLE (Flyball, 8LXD, EV 104.4 MPH)
|
Batting: RHB Franklin Villanueva
|
0-0: Foul Ball, location: 2F 0-1: Foul Ball, location: 2F 0-2: Strikes out swinging
|
Batting: RHB Dave Vargas
|
0-0: Ground out U3 (Groundball, 3, EV 86.9 MPH) Willie Gutierrez to third
|
Batting: RHB Matt Maxwell
|
0-0: Swinging Strike 0-1: Ball 1-1: Swinging Strike 1-2: Fly out, F8 (Flyball, 89D, EV 106.9 MPH)
|
Bottom of the 1st over - 0 runs, 1 hit, 0 errors, 1 left on base; Hartford 0 - Kane County 0 |
TOP OF THE 2ND |
Hartford Yard Goats batting - Pitching for Kane County Cougars : RHP Travis Plesz
|
Batting: LHB Jeremy Brammer
|
0-0: Ball 1-0: Ball 2-0: Foul Ball, location: 2F 2-1: Ground out 6-3 (Groundball, 6, EV 88.8 MPH)
|
Batting: RHB Justin Williams
|
0-0: Ball 1-0: Fly out, F7 (Line Drive, 7, EV 92.5 MPH)
|
Batting: RHB Kian-tat Chen
|
0-0: Ball 1-0: SINGLE (Groundball, 6M, EV 83.8 MPH) (infield hit)
|
Batting: RHB Eric Garrett
|
Balk! Kian-tat Chen to second 0-0: Ball 1-0: Ball 2-0: Called Strike 2-1: Called Strike 2-2: Strikes out swinging
|
Top of the 2nd over - 0 runs, 1 hit, 0 errors, 1 left on base; Hartford 0 - Kane County 0 |
BOTTOM OF THE 2ND |
Kane County Cougars batting - Pitching for Hartford Yard Goats : LHP Steve Lima
|
Batting: RHB John Pena
|
0-0: Ball 1-0: Ball 2-0: Fly out, F9 (Flyball, 9D, EV 83.1 MPH)
|
Batting: RHB Marlon Reda
|
0-0: Ball 1-0: Called Strike 1-1: Foul Ball, location: 2F 1-2: Ball 2-2: Strikes out looking
|
Batting: RHB Curt Barrett
|
0-0: Swinging Strike 0-1: Called Strike 0-2: Strikes out looking
|
Bottom of the 2nd over - 0 runs, 0 hits, 0 errors, 0 left on base; Hartford 0 - Kane County 0 |
TOP OF THE 3RD |
Hartford Yard Goats batting - Pitching for Kane County Cougars : RHP Travis Plesz
|
Batting: RHB Jerry Edmiston
|
0-0: Ball 1-0: Ball 2-0: Foul Ball, location: 2F 2-1: Ball 3-1: Ground out 3-1 (Groundball, 34, EV 80.6 MPH)
|
Batting: RHB Steve Waltenbery
|
0-0: Foul Ball, location: 2F 0-1: Ball 1-1: Foul Ball, location: 2F 1-2: Fly out, F8 (Line Drive, 8RM, EV 104.4 MPH)
|
Batting: SHB Eddie Quinones
|
0-0: Called Strike 0-1: Ground out 4-3 (Groundball, 34, EV 92.5 MPH)
|
Top of the 3rd over - 0 runs, 0 hits, 0 errors, 0 left on base; Hartford 0 - Kane County 0 |
BOTTOM OF THE 3RD |
Kane County Cougars batting - Pitching for Hartford Yard Goats : LHP Steve Lima
|
Batting: LHB T.J. Duvall
|
0-0: Ball 1-0: Called Strike 1-1: Foul Ball, location: 2F 1-2: Ball 2-2: Foul Ball, location: 2F 2-2: Strikes out swinging
|
Batting: LHB Brian Nielsen
|
0-0: Ball 1-0: Fly out, F8 (Flyball, 8RS, EV 91.9 MPH)
|
Batting: LHB Willie Gutierrez
|
0-0: Ball 1-0: Ball 2-0: Ball 3-0: Base on Balls
|
Batting: RHB Franklin Villanueva
|
0-0: Ball 1-0: Ball 2-0: Ball 3-0: Called Strike 3-1: SINGLE (Groundball, 34D, EV 106.3 MPH) Willie Gutierrez to second Runner from 2nd tries for 3rd, SAFE, throw by RF made to third Franklin Villanueva to second
|
Batting: RHB Dave Vargas
|
0-0: Ball 1-0: Ball 2-0: Ball 3-0: Called Strike 3-1: Base on Balls
|
Batting: RHB Matt Maxwell
|
0-0: Foul Ball, location: 2F 0-1: Called Strike 0-2: Strikes out looking
|
Bottom of the 3rd over - 0 runs, 1 hit, 0 errors, 3 left on base; Hartford 0 - Kane County 0 |
TOP OF THE 4TH |
Hartford Yard Goats batting - Pitching for Kane County Cougars : RHP Travis Plesz
|
Batting: SHB Bobby Santor
|
0-0: Fly out, F8 (Flyball, 78D, EV 98.1 MPH)
|
Batting: SHB Pete Perla
|
0-0: Called Strike 0-1: Ball 1-1: Ball 2-1: Foul Ball, location: 2F 2-2: Strikes out swinging
|
Batting: LHB Jeremy Brammer
|
0-0: Ball 1-0: Called Strike 1-1: Called Strike 1-2: Ball 2-2: Ball 3-2: Strikes out swinging
|
Top of the 4th over - 0 runs, 0 hits, 0 errors, 0 left on base; Hartford 0 - Kane County 0 |
BOTTOM OF THE 4TH |
Kane County Cougars batting - Pitching for Hartford Yard Goats : LHP Steve Lima
|
Batting: RHB John Pena
|
0-0: Fly out, F8 (Line Drive, 8LM, EV 106.3 MPH)
|
Batting: RHB Marlon Reda
|
0-0: Called Strike 0-1: Ball 1-1: Fly out, F9 (Flyball, 9LS, EV 85.0 MPH)
|
Batting: RHB Curt Barrett
|
0-0: Ball 1-0: Ball 2-0: Ball 3-0: Called Strike 3-1: Foul Ball, location: 2F 3-2: Base on Balls
|
Batting: LHB T.J. Duvall
|
0-0: Called Strike 0-1: Ball 1-1: Foul Ball, location: 2F 1-2: SINGLE (Groundball, 34D, EV 104.4 MPH) Curt Barrett to second
|
Batting: LHB Brian Nielsen
|
0-0: Called Strike 0-1: Called Strike 0-2: Ball 1-2: Ball 2-2: 3-RUN HOME RUN (Flyball, 89XD, EV 108.8 MPH), Distance : 406 ft
|
Batting: LHB Willie Gutierrez
|
0-0: Ball 1-0: Foul Ball, location: 2F 1-1: Foul Ball, location: 2F 1-2: Ball 2-2: Foul Ball, location: 2F 2-2: Ground out 4-3 (Groundball, 4, EV 88.1 MPH)
|
Bottom of the 4th over - 3 runs, 2 hits, 0 errors, 0 left on base; Hartford 0 - Kane County 3 |
TOP OF THE 5TH |
Hartford Yard Goats batting - Pitching for Kane County Cougars : RHP Travis Plesz
|
Batting: RHB Justin Williams
|
0-0: Foul Ball, location: 2F 0-1: Ball 1-1: Ball 2-1: Foul Ball, location: 2F 2-2: Ball 3-2: Ground out 6-3 (Groundball, 6MD, EV 97.5 MPH)
|
Batting: RHB Kian-tat Chen
|
0-0: Called Strike 0-1: Ball 1-1: Ground out 6-3 (Groundball, 6S, EV 88.8 MPH)
|
Batting: RHB Eric Garrett
|
0-0: SINGLE (Line Drive, 78S, EV 101.3 MPH)
|
Batting: RHB Jerry Edmiston
|
0-0: Ball 1-0: Ball 2-0: Ball 3-0: Called Strike 3-1: SINGLE (Groundball, 56D, EV 102.5 MPH) Eric Garrett to second
|
Batting: RHB Steve Waltenbery
|
0-0: Ball 1-0: Called Strike 1-1: Called Strike 1-2: Strikes out looking
|
Top of the 5th over - 0 runs, 2 hits, 0 errors, 2 left on base; Hartford 0 - Kane County 3 |
BOTTOM OF THE 5TH |
Kane County Cougars batting - Pitching for Hartford Yard Goats : LHP Steve Lima
|
Batting: RHB Franklin Villanueva
|
0-0: Called Strike 0-1: Called Strike 0-2: Ball 1-2: Ball 2-2: Fly out, F7 (Flyball, 78D, EV 99.4 MPH)
|
Batting: RHB Dave Vargas
|
0-0: Ball 1-0: Called Strike 1-1: Foul Ball, location: 2F 1-2: Ball 2-2: DOUBLE (Flyball, 8LXD, EV 94.4 MPH)
|
Pitching: LHP Su-wu Pi
|
|
Batting: RHB Matt Maxwell
|
0-0: Called Strike 0-1: Called Strike 0-2: Ball 1-2: Ball 2-2: Foul Ball, location: 2F 2-2: Ball 3-2: Fly out, F6 (Flyball, 56D, EV 81.9 MPH)
|
Batting: RHB John Pena
|
0-0: Called Strike 0-1: Called Strike 0-2: Ball 1-2: Ball 2-2: Ground out 6-3 (Groundball, 6, EV 91.9 MPH)
|
Bottom of the 5th over - 0 runs, 1 hit, 0 errors, 1 left on base; Hartford 0 - Kane County 3 |
TOP OF THE 6TH |
Hartford Yard Goats batting - Pitching for Kane County Cougars : RHP Travis Plesz
|
Batting: SHB Eddie Quinones
|
0-0: SINGLE (Line Drive, 7S, EV 108.8 MPH)
|
Batting: SHB Bobby Santor
|
0-0: Called Strike 0-1: Called Strike Eddie Quinones steals 2nd base 0-2: Ball 1-2: Ball 2-2: Foul Ball, location: 2F 2-2: Strikes out looking
|
Batting: SHB Pete Perla
|
0-0: Ball 1-0: Foul Ball, location: 2F 1-1: Ground out 4-3 (Groundball, 4, EV 88.8 MPH) Eddie Quinones to third
|
Pitching: RHP Ming-feng Pi
|
|
Batting: LHB Jeremy Brammer
|
0-0: Ground out 5-3 (Groundball, 56, EV 109.4 MPH)
|
Top of the 6th over - 0 runs, 1 hit, 0 errors, 1 left on base; Hartford 0 - Kane County 3 |
BOTTOM OF THE 6TH |
Kane County Cougars batting - Pitching for Hartford Yard Goats : LHP Su-wu Pi
|
Batting: RHB Marlon Reda
|
0-0: Ball 1-0: Foul Ball, location: 2F 1-1: Foul Ball, location: 2F 1-2: Ball 2-2: SINGLE (Flyball, 5D, EV 91.9 MPH)
|
Batting: RHB Curt Barrett
|
0-0: Ball 1-0: SINGLE (Flyball, 7S, EV 83.8 MPH) Marlon Reda to second
|
Batting: LHB T.J. Duvall
|
0-0: Swinging Strike 0-1: Fly out, F7 (Flyball, 7, EV 89.4 MPH)
|
Batting: LHB Brian Nielsen
|
0-0: Swinging Strike 0-1: Fly out, F8 (Flyball, 78S, EV 93.8 MPH)
|
Batting: LHB Willie Gutierrez
|
0-0: Ball 1-0: Called Strike 1-1: Ball 2-1: Called Strike 2-2: Foul Ball, location: 2F 2-2: Foul Ball, location: 2F 2-2: Strikes out swinging
|
Bottom of the 6th over - 0 runs, 2 hits, 0 errors, 2 left on base; Hartford 0 - Kane County 3 |
TOP OF THE 7TH |
Hartford Yard Goats batting - Pitching for Kane County Cougars : RHP Ming-feng Pi
|
Batting: RHB Justin Williams
|
0-0: Ball 1-0: Ball 2-0: Ball 3-0: Foul Ball, location: 2F 3-1: Foul Ball, location: 2F 3-2: Strikes out swinging
|
Batting: RHB Kian-tat Chen
|
0-0: Ball 1-0: Ground out 6-3 (Groundball, 56, EV 85.6 MPH)
|
Batting: RHB Eric Garrett
|
0-0: Fly out, F9 (Flyball, 9D, EV 108.8 MPH)
|
Top of the 7th over - 0 runs, 0 hits, 0 errors, 0 left on base; Hartford 0 - Kane County 3 |
BOTTOM OF THE 7TH |
Kane County Cougars batting - Pitching for Hartford Yard Goats : LHP Su-wu Pi
|
Pitching: RHP Tony Barragan
|
|
Batting: RHB Franklin Villanueva
|
0-0: Foul Ball, location: 2F 0-1: Ball 1-1: Foul Ball, location: 2F 1-2: Foul Ball, location: 2F 1-2: Strikes out swinging
|
Batting: RHB Dave Vargas
|
0-0: Ground out 3-1 (Groundball, 34, EV 96.3 MPH)
|
Batting: RHB Matt Maxwell
|
0-0: Called Strike 0-1: Called Strike 0-2: Ball 1-2: Strikes out swinging
|
Bottom of the 7th over - 0 runs, 0 hits, 0 errors, 0 left on base; Hartford 0 - Kane County 3 |
TOP OF THE 8TH |
Hartford Yard Goats batting - Pitching for Kane County Cougars : RHP Ming-feng Pi
|
Batting: RHB Jerry Edmiston
|
0-0: Foul Ball, location: 2F 0-1: Ball 1-1: Ball 2-1: Fly out, F4 (Line Drive, 4, EV 63.8 MPH)
|
Batting: RHB Steve Waltenbery
|
0-0: Ball 1-0: Called Strike 1-1: Called Strike 1-2: DOUBLE (Line Drive, 9LM, EV 108.1 MPH)
|
Batting: SHB Eddie Quinones
|
0-0: Called Strike 0-1: Called Strike 0-2: Ball 1-2: Ball 2-2: Foul Ball, location: 2F 2-2: Foul Ball, location: 2F 2-2: Ball 3-2: Base on Balls
|
Batting: SHB Bobby Santor
|
0-0: Ball 1-0: Foul Ball, location: 2F 1-1: Called Strike 1-2: Ball 2-2: Strikes out looking
|
Batting: SHB Pete Perla
|
0-0: Ball 1-0: Ball 2-0: Called Strike 2-1: Ball 3-1: Foul Ball, location: 2F 3-2: Fly out, F8 (Flyball, 8RM, EV 92.5 MPH)
|
Top of the 8th over - 0 runs, 1 hit, 0 errors, 2 left on base; Hartford 0 - Kane County 3 |
BOTTOM OF THE 8TH |
Kane County Cougars batting - Pitching for Hartford Yard Goats : RHP Tony Barragan
|
Pitching: RHP Nate Dallman
|
|
Batting: RHB John Pena
|
0-0: Called Strike 0-1: Foul Ball, location: 2F 0-2: Ground out 5-3 (Groundball, 56, EV 101.3 MPH)
|
Batting: RHB Marlon Reda
|
0-0: Swinging Strike 0-1: Ground out 5-3 (Groundball, 56S, EV 93.8 MPH)
|
Batting: RHB Curt Barrett
|
0-0: Foul Ball, location: 2F 0-1: Ball 1-1: Foul Ball, location: 2F 1-2: Ball 2-2: SINGLE (Groundball, 6MD, EV 100.0 MPH)
|
Batting: LHB T.J. Duvall
|
0-0: Called Strike 0-1: Swinging Strike 0-2: Strikes out swinging
|
Bottom of the 8th over - 0 runs, 1 hit, 0 errors, 1 left on base; Hartford 0 - Kane County 3 |
TOP OF THE 9TH |
Hartford Yard Goats batting - Pitching for Kane County Cougars : RHP Ming-feng Pi
|
Pitching: RHP Jose Fernandez
|
|
Batting: LHB Jeremy Brammer
|
0-0: Foul Ball, location: 2F 0-1: DOUBLE (Groundball, 3L, EV 102.5 MPH) - OUT at third base trying to stretch hit.
|
Batting: RHB Justin Williams
|
0-0: Ball 1-0: Ground out 5-3 (Groundball, 5, EV 96.3 MPH)
|
Batting: RHB Kian-tat Chen
|
0-0: Hit by Pitch
|
Pinch Runner at 1st In-sung Lee:
|
|
Batting: RHB Eric Garrett
|
0-0: Ball 1-0: Foul Ball, location: 2F 1-1: Ball 2-1: Ball 3-1: Fielders Choice at 2nd, 5-4 (Groundball, 56, EV 85.0 MPH)
|
Top of the 9th over - 0 runs, 1 hit, 0 errors, 1 left on base; Hartford 0 - Kane County 3 |
|